[Event "ICCopen2017"]
[Site "Internet Chess Club"]
[Date "2017.03.25"]
[Round "7"]
[White "nikenwidiartto"]
[Black "Vertdeces"]
[Result "0-1"]
[ICCResult "White forfeits on time"]
[WhiteElo "1835"]
[BlackElo "1807"]
[Opening "St. George (Baker) defense"]
[ECO "B00"]
[NIC "VO.17"]
[Time "15:16:57"]
[TimeControl "180+0"]

1. e4 a6 2. d4 h6 3. f4 b5 4. Nf3 d6 5. c4 Nd7 6. cxb5 g6 7. Nc3 Bg7 8. bxa6
Bxa6 9. Bxa6 Rxa6 10. O-O c5 11. Be3 Ngf6 12. dxc5 dxc5 13. Qd3 Rd6 14. Qe2
Ng4 15. Rad1 Nxe3 16. Qxe3 Bd4 17. Nxd4 cxd4 18. Rxd4 Qb6 19. Rfd1 e5 20.
fxe5 Nxe5 21. Nd5 Qa7 22. Kh1 Nc6 23. R4d2 Qxe3 24. Nxe3 Re6 25. Rd6 Ke7 26.
Rxe6+ Kxe6 27. Nc4 Nb4 28. a3 Nc2 29. Kg1 Rc8 30. Nd2 Rd8 31. Kf2 f5 32.
exf5+ Kxf5 33. Ke2 Nd4+ 34. Kf2 Nc2 35. Ke2 Nd4+ 36. Kd3 Nf3+ 37. Kc2 Nxh2
38. Nf3 Rc8+ 39. Kb3 Ng4 40. a4 Ne3 41. Rd3 Rb8+ 42. Ka2 Nxg2 43. a5 Ke4 44.
Rc3 Rb5 45. Ra3 Ne3 46. Nd2+ Kd5 47. a6 Rb8 48. a7 Ra8 49. Nb3 Nc4 50. Ra4
Nb6 51. Ra6 Kc6 52. Na5+ Kb5 53. Rxb6+ Kxb6 54. Nc4+ Kc5 55. Ne5 Rxa7+ 56.
Kb1 g5 57. Ng4 h5 58. Nf6 h4 59. Ne4+ Kd4 60. Nxg5 Ra5 61. Nf3+ Ke3 62. Nxh4
Kf4 63. Ng6+ Kg5 64. Ne7 Re5 65. Nc6 Re1+ 66. Ka2 Re4 67. Nd4 Rxd4
{White forfeits on time}
0-1

[Event "ICCopen2017"]
[Site "Internet Chess Club"]
[Date "2017.03.25"]
[Round "7"]
[White "audipudy"]
[Black "oscarshe"]
[Result "1-0"]
[ICCResult "Black forfeits on time"]
[WhiteElo "1587"]
[BlackElo "1365"]
[Opening "Sicilian: accelerated fianchetto, Maróczy bind, 5...Bg7"]
[ECO "B37"]
[NIC "SI.33"]
[Time "15:17:24"]
[TimeControl "180+0"]

1. e4 c5 2. Nf3 Nc6 3. d4 cxd4 4. Nxd4 g6 5. c4 Bg7 6. Nc2 Nf6 7. Nc3 O-O 8.
Be3 d6 9. f3 Ne5 10. Be2 Bd7 11. O-O b6 12. Rc1 Rc8 13. b3 Nc6 14. Qd2 Qc7
15. Rfd1 Be6 16. Nd4 Nxd4 17. Bxd4 Nd7 18. Be3 Nf6 19. Nd5 Qb7 20. h3 Nxd5
21. cxd5 Bd7 22. a4 a6 23. Qb4 Bb2 24. Rxc8 Rxc8 25. Qxb6 Qxb6 26. Bxb6 Rb8
27. a5 Bb5 28. Bxb5 axb5 29. Rb1 Bc3 30. Kf2 b4 31. Ke3 Kf8 32. Kd3 Ke8 33.
Kc4 Kd7 34. Kb5 Bd4 35. Rc1 Bc3 36. a6 Bd4 37. a7 Rxb6+ 38. Ka5 Rb5+ 39.
Kxb5 Bxa7 40. Kxb4 Bc5+ 41. Rxc5 dxc5+ 42. Kxc5 Kc7 43. b4 f5 44. b5
{Black forfeits on time}
1-0

[Event "ICCopen2017"]
[Site "Internet Chess Club"]
[Date "2017.03.25"]
[Round "7"]
[White "zepelin"]
[Black "justinchess"]
[Result "1-0"]
[ICCResult "Black forfeits on time"]
[WhiteElo "2002"]
[BlackElo "2252"]
[Opening "Sicilian: dragon, Levenfish variation"]
[ECO "B71"]
[NIC "SI.15"]
[Time "15:17:13"]
[TimeControl "180+0"]

1. e4 c5 2. Nf3 d6 3. d4 cxd4 4. Nxd4 Nf6 5. Nc3 g6 6. f4 Nc6 7. Be3 Bg7 8.
h3 O-O 9. Qd2 Qa5 10. Nb3 Qd8 11. O-O-O a6 12. g4 h5 13. g5 Nd7 14. Nd5 b5
15. Bg2 Bb7 16. Kb1 a5 17. Nd4 Nxd4 18. Bxd4 Bxd5 19. Bxg7 Bxa2+ 20. Kxa2
Kxg7 21. e5 Ra6 22. exd6 Rxd6 23. Qc3+ Kg8 24. Rxd6 exd6 25. Rd1 Qb6 26. Bd5
b4 27. Qd3 Kh7 28. Re1 Nc5 29. Qe3 Qc7 30. f5 gxf5 31. Qf3 Kg6 32. Rf1 Qd7
33. Qe3 Re8 34. Qd4 Re5 35. Bc4 Ne6 36. Qd3 a4 37. Kb1 a3 38. bxa3 bxa3 39.
Ba2 Qb7+ 40. Bb3 Nc5 41. Qxd6+ Re6 42. Qxc5 Qe4 43. Qf2 Re5 44. Qb6+ Re6 45.
Qf2 Qd4 46. Qxf5+ Kg7 47. Qxf7+ Kh8 48. Qf8+ Kh7 49. Qf5+
{Black forfeits on time}
1-0

[Event "ICCopen2017"]
[Site "Internet Chess Club"]
[Date "2017.03.25"]
[Round "7"]
[White "Mephisto521"]
[Black "Kjaan1974"]
[Result "1-0"]
[ICCResult "Black forfeits on time"]
[WhiteElo "1618"]
[BlackElo "1399"]
[Opening "QGD: semi-Slav, Noteboom variation"]
[ECO "D31"]
[NIC "QO.17"]
[Time "15:17:44"]
[TimeControl "180+0"]

1. d4 e6 2. c4 d5 3. Nc3 dxc4 4. Nf3 c6 5. e4 b5 6. a3 Bd7 7. Bg5 f6 8. Bf4
Na6 9. d5 e5 10. Be3 c5 11. Be2 Bd6 12. a4 b4 13. Bxc4 bxc3 14. Bxa6 cxb2
15. Rb1 Qa5+ 16. Bd2 Qxa6 17. Rxb2 Ne7 18. a5 Bb5 19. Qb1 Rb8 20. Bc3 O-O
21. Nd2 Bd3 22. Qa1 Rxb2 23. Qxb2 Rb8 24. Qc1 Ng6 25. g3 h6 26. h4 Kh7 27.
h5 Ne7 28. g4 Bxe4 29. Nxe4 Nxd5 30. Bd2 Nf4 31. Bxf4 exf4 32. Rh3 Qxa5+ 33.
Kf1 Be5 34. Qc2 Rb2 35. Qd3 f5 36. gxf5 Bd4 37. f6 Kg8 38. Qc4+ Kh7 39. fxg7
Qa1+ 40. Kg2 f3+ 41. Rxf3 Bxg7 42. Qf7 Rxf2+ 43. Rxf2 Qe5 44. Qf5+ Qxf5 45.
Rxf5 Bd4 46. Nxc5 Bxc5 47. Rxc5 Kg7 48. Ra5 Kf6 49. Rxa7 Kg5 50. Ra5+ Kh4
51. Kf3 {Black forfeits on time} 1-0

[Event "ICCopen2017"]
[Site "Internet Chess Club"]
[Date "2017.03.25"]
[Round "7"]
[White "JESSEJOSE"]
[Black "GOODZYLLA"]
[Result "0-1"]
[ICCResult "White forfeits on time"]
[WhiteElo "1584"]
[BlackElo "1660"]
[Opening "Sicilian: Nimzovich-Rossolimo attack (with ...g6, without ...d6)"]
[ECO "B31"]
[NIC "SI.31"]
[Time "15:17:24"]
[TimeControl "180+0"]

1. e4 c5 2. Nf3 Nc6 3. Bb5 g6 4. Bxc6 dxc6 5. h3 Bg7 6. d3 Nf6 7. Nc3 Qc7 8.
O-O e5 9. Be3 b6 10. Qd2 Nd7 11. Nh2 Nf8 12. Ne2 Ne6 13. f4 exf4 14. Nxf4
Bd4 15. Bxd4 cxd4 16. Ng4 O-O 17. Nxe6 fxe6 18. Rxf8+ Kxf8 19. Qh6+ Qg7 20.
Rf1+ Kg8 21. Nf6+ Kh8 22. Qh4 Bb7 23. e5 Rf8 24. Qxd4 c5 25. Qd6 Qf7 26. Qd7
Ba8 27. Qxf7 Rxf7 28. g4 h6 29. h4 g5 30. hxg5 hxg5 31. Kf2 Kg7 32. Rg1 Rf8
33. Rg3 Rh8 34. Nh5+ Kg8 35. Rf3 Rh7 36. Rf6 Re7 37. Rg6+ Kf8 38. Rxg5 Rf7+
39. Ke3 Rf3+ 40. Kd2 Rf2+ 41. Kc3 Rg2 42. Nf6 Bf3 43. Rg8+ Kf7 44. g5 b5 45.
b4 cxb4+ 46. Kb3 a5 47. Rb8 Bd5+ 48. Kb2 Rxg5 49. Rxb5 Rxe5 50. Nd7 Re2 51.
Nc5 a4 52. Rxb4 a3+ 53. Kxa3 Re1 54. Ka4 Ra1 55. Kb5 Kf6 56. Kb6 Ke5 57. Kc7
Rb1 58. Nd7+ Kf5 59. Rxb1 Bc6 60. Rf1+ Kg6 61. Re1 Kh5 62. d4 Kh4 63. Rg1
Kh3 {White forfeits on time} 0-1

[Event "ICCopen2017"]
[Site "Internet Chess Club"]
[Date "2017.03.25"]
[Round "7"]
[White "ural"]
[Black "wagnerbi"]
[Result "1-0"]
[ICCResult "Black forfeits on time"]
[WhiteElo "2392"]
[BlackElo "1999"]
[Opening "Robatsch (modern) defense"]
[ECO "B07"]
[NIC "VO.17"]
[Time "15:17:47"]
[TimeControl "180+0"]

1. e4 d6 2. d4 g6 3. Nc3 Bg7 4. h4 h5 5. Bg5 Nd7 6. Qd2 c5 7. Nge2 cxd4 8.
Nxd4 Ngf6 9. O-O-O a6 10. Be2 Qc7 11. f3 b5 12. Kb1 Ne5 13. Bxf6 exf6 14.
Nd5 Qb7 15. f4 Nc4 16. Bxc4 bxc4 17. f5 O-O 18. g4 Bd7 19. fxg6 fxg6 20.
gxh5 Bg4 21. h6 Bxd1 22. hxg7 Rfb8 23. c3 Bh5 24. Nxf6+ Kxg7 25. Nxh5+ gxh5
26. Qg5+ Kh8 27. Qxh5+ Qh7 28. Qd5 Re8 29. Nf5 Rad8 30. Qxc4 Re5 31. Qd4 Rg8
32. Rd1 Rg6 33. Nxd6 Re6 34. a4 Qh5 35. Nc4 Kh7 36. Nxe5 Qxe5 37. Qxe5 Rxe5
38. Rd7+ Kh6 39. Rd6+ Kh5 40. Rxa6 Rxe4 41. a5 Kxh4 42. Rb6 Kg5 43. a6 Ra4
44. b3 Ra5 45. Kb2 Kf5 46. c4 {Black forfeits on time} 1-0

[Event "ICCopen2017"]
[Site "Internet Chess Club"]
[Date "2017.03.25"]
[Round "7"]
[White "jps7"]
[Black "A4-H5"]
[Result "1-0"]
[ICCResult "Black checkmated"]
[WhiteElo "1537"]
[BlackElo "1777"]
[Opening "Old Benoni defense"]
[ECO "A43"]
[NIC "OI.09"]
[Time "15:17:14"]
[TimeControl "180+0"]

1. d4 c5 2. e3 Nf6 3. Nf3 g6 4. Bd3 Bg7 5. O-O O-O 6. b3 Nc6 7. Bb2 Nb4 8.
Be2 d6 9. a3 Nc6 10. c4 Bg4 11. d5 Nb8 12. Nbd2 Nbd7 13. Qc2 h6 14. h3 Bxf3
15. Nxf3 Rb8 16. Rad1 a6 17. e4 b5 18. e5 Nh5 19. g3 dxe5 20. Bd3 Qe8 21.
Rfe1 Bf6 22. Nxe5 Nxe5 23. Bxe5 Rb7 24. g4 Bxe5 25. gxh5 Bd4 26. hxg6 fxg6
27. Rd2 Qf7 28. Re6 g5 29. Rg6+ Bg7 30. Re2 bxc4 31. bxc4 Rb2 32. Qxb2 Qxg6
33. Bxg6 Bxb2 34. Rxb2 Kg7 35. Be4 Rf4 36. f3 h5 37. Rg2 Kf6 38. Kf2 Ke5 39.
Ke3 Kf6 40. Rg3 h4 41. Rg4 a5 42. Rxf4+ gxf4+ 43. Kxf4 a4 44. Kg4 Ke5 45.
Kxh4 Kd4 46. Kg5 Kxc4 47. Kf5 Kb3 48. Ke6 c4 49. Kxe7 c3 50. d6 Kxa3 51. d7
Kb2 52. d8=Q c2 53. Qb6+ Kc1 54. Qc5 Kd2 55. Qxc2+ Ke3 56. Qd3+ Kf2 57. Qc4
a3 58. Qb3 a2 59. Qxa2+ Ke3 60. Qc2 Kf4 61. h4 Kg3 62. h5 Kf4 63. h6 Kg5 64.
h7 Kf4 65. h8=Q Kg3 66. Qg7+ Kf4 67. Qh2+ Ke3 68. Qc3# {Black checkmated}
1-0

[Event "ICCopen2017"]
[Site "Internet Chess Club"]
[Date "2017.03.25"]
[Round "7"]
[White "Chamanx"]
[Black "alexander77"]
[Result "1-0"]
[ICCResult "Black forfeits on time"]
[WhiteElo "1501"]
[BlackElo "1739"]
[Opening "Sicilian: Pin, Jaffe variation"]
[ECO "B41"]
[NIC "SI.41"]
[Time "15:17:10"]
[TimeControl "180+0"]

1. e4 c5 2. Nf3 e6 3. d4 cxd4 4. Nxd4 Nf6 5. Nc3 Bb4 6. Bd3 e5 7. Nf3 d6 8.
O-O Be6 9. Bg5 Nbd7 10. a3 Bxc3 11. bxc3 Rc8 12. c4 Bxc4 13. Bxc4 Rxc4 14.
Bxf6 Nxf6 15. Nd2 Rd4 16. c3 Rd3 17. Qc2 Rxd2 18. Qxd2 Nxe4 19. Qd5 Nf6 20.
Qxb7 O-O 21. f4 exf4 22. Rxf4 a5 23. Qf3 d5 24. Qg3 Kh8 25. Raf1 Rg8 26. Rh4
Ne4 27. Qe1 Qb6+ 28. Kh1 Qg6 29. Rhf4 f6 30. h4 Ng3+ 31. Kh2 Nxf1+ 32. Qxf1
Rc8 33. Rf3 Qg4 34. Rh3 Qc4 35. Qxc4 Rxc4 36. Re3 Rxh4+ 37. Kg3 Re4 38. Rd3
Re5 39. c4 h6 40. cxd5 Re7 41. d6 Rd7 42. Kf4 Kg8 43. Kf5 Kf7 44. Rd4 g6+
45. Kf4 Ke6 46. Kf3 Rxd6 47. Re4+ Kf5 48. Rf4+ Ke6 49. Re4+ Kf7 50. Ra4 Ra6
51. Ke4 f5+ 52. Kf4 Kf6 53. Kf3 g5 54. g4 h5 55. gxh5 g4+ 56. Kg3 Kg5 57. h6
Kxh6 58. Kf4 Kg6 59. Rd4 Kf6 60. Rd5 a4 61. Rxf5+ Ke6 62. Kxg4 Ra7 63. Rf1
Rg7+ 64. Kh3 Rh7+ 65. Kg2 Rg7+ 66. Kh3 Rh7+ 67. Kg4 Rg7+ 68. Kh5 Rg3 69. Ra1
Kf5 70. Kh4 Rg7 71. Rf1+ Ke4 72. Re1+ Kd3 73. Rd1+ Kc3 74. Rc1+ Kb3 75. Rb1+
Kxa3 76. Ra1+ Kb3 77. Rb1+ Ka2 78. Rf1 a3 79. Rf2+ Kb3 80. Rf3+ Kb2 81. Rf2+
Kb1 82. Rf1+ Kb2 83. Rf2+ Kb1 84. Rf1+ Kb2 85. Rf2+ Kb3 86. Rf3+ Kb4 87.
Rf4+ Kb3 88. Rf3+ Kb4 89. Rf4+ Kc5 90. Rf5+ Kb4 91. Rf3 Kc5 92. Rf4 Kd5 93.
Rf3 {Black forfeits on time} 1-0

[Event "ICCopen2017"]
[Site "Internet Chess Club"]
[Date "2017.03.25"]
[Round "7"]
[White "Falstaf"]
[Black "Lavrik87"]
[Result "1/2-1/2"]
[ICCResult "Game drawn by repetition"]
[WhiteElo "2871"]
[BlackElo "2137"]
[Opening "Alekhine's defense: modern, Larsen variation"]
[ECO "B04"]
[NIC "AL.05"]
[Time "15:17:44"]
[TimeControl "180+0"]

1. e4 Nf6 2. e5 Nd5 3. d4 d6 4. Nf3 dxe5 5. Nxe5 c6 6. Be2 g6 7. O-O Bg7 8.
Re1 O-O 9. Nf3 Nd7 10. c4 N5f6 11. Nc3 b6 12. Bf4 Bb7 13. Qd2 Rc8 14. Rad1
Re8 15. h3 e6 16. Bh6 c5 17. Bxg7 Kxg7 18. Qe3 Qe7 19. b3 a6 20. Bf1 cxd4
21. Nxd4 Nc5 22. Be2 Red8 23. Bf3 Bxf3 24. Qxf3 Qc7 25. Nc2 Rxd1 26. Rxd1 h6
27. Ne3 Rd8 28. Qe2 Rxd1+ 29. Nexd1 Qd6 30. g3 Qd4 31. Qe3 Qxe3 32. Nxe3
Nfe4 33. Ned1 Kf6 34. Kf1 Ke5 35. Ke2 Kd4 36. Nb1 Nd3 37. Kf3 Nc1 38. Ne3
Ng5+ 39. Kg2 Nxa2 40. h4 Ne4 41. Kf3 Nc5 42. Nc2+ Kd3 43. Ne1+ Kd4 44. Nc2+
Ke5 45. Nd2 a5 46. Ke3 Nb4 47. Ne1 Kd6 48. Nef3 Nc6 49. Nh2 f5 50. g4 e5 51.
gxf5 gxf5 52. f3 h5 53. f4 e4 54. Nhf1 Ne6 55. Ng3 Ng7 56. Ne2 Kc5 57. Nc3
Kb4 58. Nd5+ Kc5 59. Nc3 Kb4 60. Nd5+ Kc5 61. Nc3 Kb4 62. Nd5+ Kc5
{Game drawn by repetition}
1/2-1/2

[Event "ICCopen2017"]
[Site "Internet Chess Club"]
[Date "2017.03.25"]
[Round "7"]
[White "Nfurter"]
[Black "uggi"]
[Result "1-0"]
[ICCResult "Black resigns"]
[WhiteElo "1762"]
[BlackElo "1906"]
[Opening "Ruy Lopez: Berlin defense, Tarrasch trap"]
[ECO "C48"]
[NIC "KP.03"]
[Time "15:18:18"]
[TimeControl "180+0"]

1. e4 e5 2. Nc3 Nf6 3. Nf3 Nc6 4. Bb5 d6 5. d4 Bd7 6. O-O Be7 7. Re1 O-O 8.
Bxc6 Bxc6 9. dxe5 dxe5 10. Qxd8 Raxd8 11. Bg5 h6 12. Bh4 Bd6 13. Bxf6 gxf6
14. Nh4 Kh7 15. Re3 Rg8 16. Rd1 Bc5 17. Rxd8 Rxd8 18. Rd3 Rxd3 19. cxd3 Bd4
20. Kf1 b5 21. Ke2 b4 22. Nd1 Bd7 23. h3 Be6 24. b3 a5 25. Ne3 a4 26. Nc4
axb3 27. axb3 c5 28. Nf3 h5 29. Nh4 Kh6 30. Kf3 Bxc4 31. dxc4 Kg5 32. Nf5 h4
33. g3 hxg3 34. fxg3 Bc3 35. g4 Be1 36. Nd6 Kg6 37. Nb7 Bc3 38. Nxc5 Bd4 39.
Nd7 {Black resigns} 1-0

[Event "ICCopen2017"]
[Site "Internet Chess Club"]
[Date "2017.03.25"]
[Round "7"]
[White "PeterOsgood"]
[Black "canary2016"]
[Result "1-0"]
[ICCResult "Black forfeits on time"]
[WhiteElo "1799"]
[BlackElo "1173"]
[Opening "QGD: 4.Bg5 Be7"]
[ECO "D53"]
[NIC "QO.13"]
[Time "15:17:45"]
[TimeControl "180+0"]

1. d4 d5 2. c4 e6 3. Nc3 Nf6 4. Bg5 Be7 5. cxd5 exd5 6. e3 h6 7. Bh4 O-O 8.
Qc2 Be6 9. Bd3 Nbd7 10. Nge2 Rc8 11. O-O c5 12. dxc5 Bxc5 13. Rfd1 Bd6 14.
Rac1 a6 15. Bg3 Bxg3 16. Nxg3 Qe7 17. Nf5 Bxf5 18. Bxf5 Rfd8 19. Nxd5 Nxd5
20. Qxc8 Rxc8 21. Rxc8+ Nf8 22. Rxd5 g6 23. Bd3 Qe6 24. Rdd8 Qe7 25. Rxf8+
Qxf8 26. Rxf8+ Kxf8 27. Be4 b6 28. g3 Ke7 29. h4 Kd6 30. Bd3 a5 31. a3 Kc5
32. f4 Kd5 33. Kf2 f6 34. Ke2 f5 35. h5 gxh5 36. Bxf5 Kd6 37. Bg6 Kc5 38.
Bxh5 Kc4 39. Kd2 Kb3 40. Kc1 Kc4 41. Be2+ Kd5 42. Kd2 Kc5 43. Bf3 Kd6 44. e4
Kc5 45. Kd3 Kd6 46. Kd4 Kc7 47. e5 Kd7 48. f5 Ke7 49. Kd5 Ke8 50. f6 Kd8 51.
e6 Kc8 52. Kd6 {Black forfeits on time} 1-0

[Event "ICCopen2017"]
[Site "Internet Chess Club"]
[Date "2017.03.25"]
[Round "7"]
[White "Bengochess"]
[Black "Mormegil"]
[Result "0-1"]
[ICCResult "White forfeits on time"]
[WhiteElo "1373"]
[BlackElo "1734"]
[Opening "Sicilian: Kan, 5.Nc3"]
[ECO "B43"]
[NIC "SI.41"]
[Time "15:17:52"]
[TimeControl "180+0"]

1. e4 c5 2. Nf3 e6 3. d4 cxd4 4. Nxd4 a6 5. Nc3 Qc7 6. g3 Nf6 7. Bg2 Bb4 8.
Ne2 O-O 9. O-O Nc6 10. a3 Be7 11. Bf4 d6 12. Qd2 e5 13. Bg5 Be6 14. Nd5 Bxd5
15. exd5 Na5 16. b3 b5 17. Rac1 Rac8 18. Bxf6 Bxf6 19. Be4 g6 20. Bd3 Bg7
21. c4 bxc4 22. bxc4 Nb7 23. Nc3 Nc5 24. Be2 f5 25. Rb1 f4 26. f3 Qd7 27.
Ne4 Nxe4 28. fxe4 fxg3 29. hxg3 Qh3 30. Qe3 Bh6 31. Rxf8+ Rxf8 32. Qb3 Qd7
33. c5 dxc5 34. Bxa6 Kh8 35. Bb5 Qf7 36. Rf1 Qe7 37. Rxf8+ Qxf8 38. Kg2 Qd6
39. Qf3 Bg5 40. Qf7 Be7 41. Qe8+ Kg7 42. Bd7 Kh6 43. Be6 Bg5 44. Qc6 Qd8 45.
d6 Qa5 46. Qc7 Qd2+ 47. Kh3 Qe2 48. Qxc5 Qh5+ 49. Kg2 Qe2+ 50. Qf2 Qxe4+ 51.
Kh2 Qd3 52. d7 Be3 53. Qg2 Qd1 54. a4 Kg7 55. Bh3 Bb6 56. Qa2 Qd4 57. a5 Ba7
58. Bg2 e4 59. Qe2 e3 60. a6 Qxd7 61. Qd3 Qxd3 62. Bf3 Qxa6 63. Bg2 Qa2 64.
Kh3 e2 65. Bf3 e1=Q 66. Bg2 Qef2 67. Bd5 Qg2+ 68. Kg4 Qgxd5 69. Kh3 Qf5+
{White forfeits on time}
0-1

[Event "ICCopen2017"]
[Site "Internet Chess Club"]
[Date "2017.03.25"]
[Round "7"]
[White "Kastor"]
[Black "ARMCOMPOSER"]
[Result "0-1"]
[ICCResult "White forfeits on time"]
[WhiteElo "2816"]
[BlackElo "2996"]
[Opening "Caro-Kann: advance variation"]
[ECO "B12"]
[NIC "CK.04"]
[Time "15:17:28"]
[TimeControl "180+0"]

1. e4 c6 2. d4 d5 3. e5 Bf5 4. h4 h5 5. Bd3 Bxd3 6. Qxd3 e6 7. Bg5 Qa5+ 8.
Nd2 c5 9. dxc5 Bxc5 10. Nf3 Nc6 11. O-O Be7 12. Nb3 Qc7 13. Qe3 Nh6 14. Bxe7
Qxe7 15. g3 Rc8 16. c3 Ng4 17. Qe2 O-O 18. Rae1 Qc7 19. Nbd4 g6 20. Kg2 Nxd4
21. Nxd4 Qc4 22. Qd2 Qc7 23. Qf4 Kh7 24. f3 Nh6 25. g4 Qe7 26. Kg3 Rg8 27.
Qf6 Qxf6 28. exf6 g5 29. Rh1 hxg4 30. fxg4 Rg6 31. Ref1 gxh4+ 32. Rxh4 Rcg8
33. Rfh1 Rxg4+ 34. Rxg4 Rxg4+ 35. Kf3 Rg6 36. Kf4 Rxf6+ 37. Ke5 Kg7 38. Nb5
a6 39. Nc7 Ng4+ 40. Kd6 Rf4 41. Ke7 Ne5 42. Rg1+ Ng6+ 43. Kd6 Rf2 44. b4
Rxa2 45. Ne8+ Kh6 46. Nf6 Rc2 47. Rg3 b6 48. Nd7 a5 49. Nxb6 axb4 50. cxb4
d4 51. Nd7 Rc3 52. Rg1 d3 53. b5 d2 54. Rd1 Rd3+ 55. Kc7 Nf4 56. b6 Nd5+ 57.
Kc6 Ne3 58. Rh1+ Kg5 59. b7 Rb3 60. Rg1+ Kf4 61. Nb6 Rc3+ 62. Kd7 Rd3+ 63.
Ke7 Nf5+ 64. Kf8 Rd8+ {White forfeits on time} 0-1

[Event "ICCopen2017"]
[Site "Internet Chess Club"]
[Date "2017.03.25"]
[Round "7"]
[White "tolialuisan"]
[Black "chesslive"]
[Result "1-0"]
[ICCResult "Black forfeits on time"]
[WhiteElo "1519"]
[BlackElo "1081"]
[Opening "King's gambit"]
[ECO "C30"]
[NIC "KG.05"]
[Time "15:19:07"]
[TimeControl "180+0"]

1. e4 e5 2. f4 d6 3. Nf3 Nc6 4. Bc4 Be7 5. d3 Nf6 6. c3 Bg4 7. O-O a6 8. f5
Qd7 9. Be3 b5 10. Bb3 Na5 11. Bc2 c5 12. b4 cxb4 13. cxb4 Nc6 14. Nbd2 Nxb4
15. Bb1 O-O 16. Qb3 Nc6 17. h3 Bxf3 18. Nxf3 b4 19. Bc2 a5 20. Rad1 a4 21.
Qb1 b3 22. axb3 axb3 23. Qxb3 Nd4 24. Bxd4 exd4 25. Nxd4
{Black forfeits on time}
1-0

[Event "ICCopen2017"]
[Site "Internet Chess Club"]
[Date "2017.03.25"]
[Round "7"]
[White "JCT2000"]
[Black "wolfshead"]
[Result "1-0"]
[ICCResult "Black resigns"]
[WhiteElo "1909"]
[BlackElo "1702"]
[Opening "Scotch: Potter variation"]
[ECO "C45"]
[NIC "SO.05"]
[Time "15:21:54"]
[TimeControl "180+0"]

1. e4 e5 2. Nf3 Nc6 3. d4 exd4 4. Nxd4 Bc5 5. Nb3 Be7 6. Nc3 d6 7. Qe2 Nf6
8. Be3 Be6 9. O-O-O O-O 10. f3 a5 11. a4 Nb4 12. g4 Nd7 13. Qf2 Bf6 14. h4
c5 15. g5 Bxc3 16. bxc3 Nc6 17. Rxd6 Qb6 18. Bb5 c4 19. Bxb6 {Black resigns}
1-0

[Event "ICCopen2017"]
[Site "Internet Chess Club"]
[Date "2017.03.25"]
[Round "7"]
[White "Fight-Chess"]
[Black "tirandopiezas"]
[Result "1-0"]
[ICCResult "Black forfeits on time"]
[WhiteElo "1801"]
[BlackElo "2010"]
[Opening "Four knights: Spanish, classical defense"]
[ECO "C48"]
[NIC "KP.03"]
[Time "15:19:41"]
[TimeControl "180+0"]

1. e4 e5 2. Nf3 Nc6 3. Nc3 Nf6 4. Bb5 Bc5 5. O-O d6 6. d3 Bd7 7. Bg5 a6 8.
Ba4 h6 9. Bh4 b5 10. Bb3 g5 11. Bg3 Bg4 12. Nd5 Nd4 13. Nxd4 Bxd1 14. Nc6
Qc8 15. Nxf6+ Kf8 16. Raxd1 a5 17. Bd5 Kg7 18. Ne7 Qd8 19. Nh5+ Kf8 20. Nf5
Rc8 21. a3 c6 22. Ba2 Qd7 23. h4 gxh4 24. Bxh4 d5 25. Nf6 Qe6 26. Nh5 Rg8
27. g3 Qg6 28. Nf6 Rg7 29. Nd7+ Kg8 30. Nxc5 Re8 31. Nxg7 Kxg7 32. exd5 Qg4
33. dxc6 Rc8 34. Bd5 Qd4 35. Ne4 Qxd5 36. c4 Qxc6 37. cxb5 Qxb5 38. Bf6+ Kh7
39. Rc1 Rxc1 40. Rxc1 Qxb2 41. Re1 Qd4 42. Kf1 Qxd3+ 43. Re2 Kg6 44. Bh4
{Black forfeits on time}
1-0

[Event "ICCopen2017"]
[Site "Internet Chess Club"]
[Date "2017.03.25"]
[Round "7"]
[White "ConradoSalazar"]
[Black "fisherino"]
[Result "0-1"]
[ICCResult "White forfeits on time"]
[WhiteElo "1327"]
[BlackElo "1641"]
[Opening "Sicilian: Najdorf, 7...Be7 main line"]
[ECO "B99"]
[NIC "SI.09"]
[Time "15:21:05"]
[TimeControl "180+0"]

1. e4 c5 2. Nf3 d6 3. d4 cxd4 4. Nxd4 Nf6 5. Nc3 a6 6. Bg5 e6 7. f4 Be7 8.
Qf3 Qc7 9. O-O-O Nbd7 10. Bd3 h6 11. Bh4 g5 12. fxg5 Ne5 13. Qf2 Nfg4 14.
Qe2 hxg5 15. Bg3 Bd7 16. Bxe5 Nxe5 17. h3 O-O-O 18. Kb1 Kb8 19. Rhf1 f6 20.
Nf3 Ng6 21. e5 Nf4 22. Qd2 dxe5 23. Ne4 Bc6 24. Qc3 Bxe4 25. Qxc7+ Kxc7 26.
Bxe4 Nxg2 27. Rxd8 Rxd8 28. Nxg5 fxg5 29. Bxg2 Rd2 30. Be4 Bc5 31. a3 Kd6
32. Bxb7 Rf2 33. Rxf2 Bxf2 34. Bxa6 e4 35. Be2 Ke5 36. a4 Kf4 37. a5 Ke3 38.
Bg4 Kf4 {White forfeits on time} 0-1

[Event "ICCopen2017"]
[Site "Internet Chess Club"]
[Date "2017.03.25"]
[Round "7"]
[White "vishweshk"]
[Black "PCB1"]
[Result "1-0"]
[ICCResult "Black forfeits on time"]
[WhiteElo "1720"]
[BlackElo "1784"]
[Opening "Old Indian: Tartakower (Wade) variation"]
[ECO "A41"]
[NIC "QO.17"]
[Time "15:21:15"]
[TimeControl "180+0"]

1. d4 d6 2. Nf3 Bg4 3. e4 Nf6 4. Bd3 c6 5. c3 e6 6. O-O Be7 7. Re1 O-O 8.
Nbd2 Nbd7 9. Nf1 Bh5 10. Ng3 Bg6 11. h3 Ne8 12. e5 Rc8 13. Bf4 d5 14. Qd2 c5
15. Rad1 a6 16. Bxg6 hxg6 17. Bg5 Nc7 18. Bxe7 Qxe7 19. h4 Nb6 20. h5 gxh5
21. Nxh5 cxd4 22. cxd4 Nc4 23. Qe2 Ne8 24. g3 b5 25. Nh4 Qg5 26. Nf4 Qe7 27.
Qg4 g5 28. Nf3 Ng7 29. Nxg5 Nxb2 30. Rd2 Nc4 31. Qh4 Qxg5 32. Qxg5 Nxd2 33.
Kg2 Ne4 34. Rxe4 dxe4 35. Qxg7+ {Black forfeits on time} 1-0

[Event "ICCopen2017"]
[Site "Internet Chess Club"]
[Date "2017.03.25"]
[Round "7"]
[White "achessman"]
[Black "PerlHackr"]
[Result "1-0"]
[ICCResult "Black forfeits on time"]
[WhiteElo "1743"]
[BlackElo "1443"]
[Opening "Caro-Kann: exchange variation"]
[ECO "B13"]
[NIC "CK.02"]
[Time "15:21:03"]
[TimeControl "180+0"]

1. e4 c6 2. d4 d5 3. exd5 cxd5 4. Bd3 Nf6 5. c3 Bg4 6. Ne2 e6 7. O-O Bd6 8.
h3 Bh5 9. Nd2 Qc7 10. Qc2 Bg6 11. Nf3 Be4 12. Ne1 h6 13. Be3 g5 14. Rc1 g4
15. hxg4 Bxd3 16. Qxd3 Nxg4 17. Nf3 Nxe3 18. fxe3 Nd7 19. e4 Bf4 20. Nxf4
Qxf4 21. exd5 exd5 22. Rce1+ Kd8 23. Ne5 Nxe5 24. Rxe5 Qg4 25. Rxd5+ Kc7 26.
Qc4+ Kb8 27. Rdf5 Rg8 28. R5f2 a6 29. Qxf7 Ka7 30. Qf4 Qg6 31. Qf5 Qg3 32.
Qc5+ Kb8 33. Qe5+ Qxe5 34. dxe5 Ka7 35. e6 Rae8 36. Re1 Rg6 37. e7 Rg7 38.
Rfe2 Kb6 39. Re6+ Kc7 40. Rxh6 Rgxe7 41. Rxe7+ Rxe7 42. Rf6 Re1+ 43. Kh2 Re2
44. Kh3 Rxb2 45. a4 Ra2 46. Rf4 Ra3 47. Rc4+ Kd6 48. g4 Kd5 49. Rd4+ Ke5 50.
Rc4 Kd5 51. Rc8 Rxa4 52. g5 Ra1 53. Kg4 Rg1+ 54. Kf5 Rf1+ 55. Kg6 a5 56. Kg7
b5 57. g6 a4 58. Kg8 Rg1 59. g7 a3 60. Ra8 Kc4 61. Rxa3 b4 62. cxb4 Kxb4 63.
Ra7 Kc5 64. Rf7 Kd6 65. Kf8 Rxg7 66. Kxg7 Ke6 67. Kg6 Kd6 68. Kf5 Kd5 69.
Rf6 Kd4 70. Re6 Kd5 71. Re4 Kc5 72. Kf4 Kd5 73. Re5+ Kd6 74. Kf5 Kc6 75. Ke6
Kc7 76. Rd5 Kc6 77. Ke5 Kb6 78. Rd6+ Kc5 79. Rd5+ Kc4 80. Ke4 Kc3 81. Rd4
Kc2 82. Rd3 Kc1 83. Ke3 Kb2 84. Ke2 Kc2 85. Ke3 Kb2 86. Rd2+
{Black forfeits on time}
1-0

[Event "ICCopen2017"]
[Site "Internet Chess Club"]
[Date "2017.03.25"]
[Round "7"]
[White "yachikoham"]
[Black "habishek"]
[Result "1-0"]
[ICCResult "Black checkmated"]
[WhiteElo "1327"]
[BlackElo "1040"]
[Opening "Philidor's defense"]
[ECO "C41"]
[NIC "KP.10"]
[Time "15:22:54"]
[TimeControl "180+0"]

1. e4 e5 2. Nf3 d6 3. Bc4 h6 4. c3 Nf6 5. d3 Be7 6. Nbd2 O-O 7. Nf1 Bd7 8.
h3 Nc6 9. Bb3 a6 10. Bd2 Na7 11. g4 Bb5 12. Be3 Bd7 13. Ng3 Nc6 14. Nf5 Bxf5
15. gxf5 b5 16. Rg1 h5 17. Qd2 Nh7 18. Bh6 Bf6 19. h4 a5 20. Ng5 Nxg5 21.
hxg5 Be7 22. Bxg7 Kxg7 23. f6+ Kg6 24. Bd5 Ra6 25. Bxc6 Rxc6 26. fxe7 Qxe7
27. O-O-O Rg8 28. f4 Kh7 29. f5 Qf8 30. Qh2 d5 31. Qxh5+ Rh6 32. g6+ fxg6
33. fxg6+ Rxg6 34. Qxe5 Rxg1 35. Rxg1 Qf2 36. Qg7# {Black checkmated} 1-0